 Dungeon Crawl Stone Soup version 0.19-a0-283-g61a59a3 (webtiles) character file.

99 FitzyFitz the Vexing (level 4, -2/22 HPs)
             Began as a Vine Stalker Enchanter on May 27, 2016.
             Slain by Sigmund
             ... wielding a +0 scythe
              (11 damage)
             ... on level 3 of the Dungeon.
             The game lasted 00:08:03 (1502 turns).

FitzyFitz the Vexing (Vine Stalker Enchanter)       Turns: 1502, Time: 00:08:04

Health: -2/22      AC:  4    Str: 11    XL:     4   Next: 72%
Magic:  0/8        EV: 17    Int: 16    God:
Gold:   110        SH:  0    Dex: 19    Spells: 3 memorised, 1 level left

rFire  . . .     SeeInvis .     a - +2 dagger (drain)
rCold  . . .     Gourm    .     b - +1 robe
rNeg   . . .     Faith    .     (no shield)
rPois  .         Spirit   +     o - +0 helmet
rElec  .         Dismiss  .     (no cloak)
rCorr  .         Reflect  .     (no gloves)
SustAt .         Harm     .     (no boots)
MR     .....                    (no amulet)
Stlth  ++++......               (no ring)
                                (no ring)

@: agile, not resistant to hostile enchantments, stealthy
A: fangs 2, regeneration 1, magic shield, antimagic bite, no device heal 3, rot
immunity
a: no special abilities


You were on level 3 of the Dungeon.
You were not hungry.

You visited 1 branch of the dungeon, and saw 3 of its levels.

You collected 110 gold pieces.

Inventory:

Hand Weapons
 a - a +2 dagger of draining (weapon)
 l - a +0 hunting sling of freezing
 v - a +2 long sword of distortion
Missiles
 e - 119 stones (quivered)
 k - 7 needles of sleeping
 r - 86 sling bullets
Armour
 b - a +1 robe (worn)
 o - a +0 helmet (worn)
Wands
 t - a wand of random effects (15/48)
Scrolls
 f - a scroll of remove curse {unknown}
 g - a scroll of magic mapping {unknown}
 h - a scroll of amnesia {unknown}
 j - 2 scrolls of random uselessness {unknown}
 n - a scroll of teleportation {unknown}
 q - a scroll of recharging {unknown}
 s - a scroll of fear {unknown}
Potions
 i - a potion of might {unknown}
 m - a potion of flight {unknown}
 p - a potion of cancellation {unknown}
 u - a potion of agility
 w - a potion of heal wounds {unknown}
Books
 c - a book of Maledictions

   Spells                             Type                      Level
   a - Corona                         Hexes                        1
   b - Ensorcelled Hibernation        Hexes/Ice                    2
   c - Confuse                        Hexes                        3
   d - Tukima's Dance                 Hexes                        3
   e - Dazzling Spray                 Conjuration/Hexes            3
Comestibles
 d - 4 bread rations
 x - a beef jerky
 z - 2 chunks of flesh


   Skills:
 + Level 1.0 Fighting
 - Level 2.1 Short Blades
 + Level 0.5 Slings
 - Level 1.5 Dodging
 - Level 3.7 Stealth
 - Level 2.1 Spellcasting
 + Level 4.2 Hexes


You had one spell level left.
You knew the following spells:

 Your Spells              Type           Power        Failure   Level  Hunger
a - Corona                Hex            ###....      4%          1    #......
b - Ensorcelled Hibernat  Hex/Ice        #.....       14%         2    ###....
c - Confuse               Hex            ###.....     12%         3    ###....


Dungeon Overview and Level Annotations

Branches:
Dungeon (3/15)

Altars:
Ashenzari
Makhleb
Ukayaw

Annotations:
D:3 Sigmund


Innate Abilities, Weirdness & Mutations

You have extremely sharp teeth.
Your natural rate of healing is unusually fast.
When hurt, damage is shared between your health and your magic reserves.
Your bite disrupts and absorbs the magic of your enemies.
Potions and wands cannot restore your health.
You are immune to rotting.


Message History

Unknown command.
Unknown command.
Evoke which item? (* to show all) (? for menu, Esc to quit)
Zapping:
t - a wand of random effects (will waste charges)
Press: ? - help, Shift-Dir - straight line, f - quokka
Aim: a quokka Nothing appears to happen.
Evoking this partially-identified wand wasted a few charges.
Sigmund hits you with a scythe.
Evoke which item? (* to show all) (? for menu, Esc to quit)
Okay, then.
Read which item? (? for menu, Esc to quit)
Okay, then.
Drink which item? (? for menu, Esc to quit)
It was a potion of agility.
You feel agile all of a sudden.
Sigmund laughs darkly.
Sigmund hits you with a scythe!
Ouch! That really hurt!
You die...

.. ..# #.#.# .... ..#
...###.#<. $....... ...o(((..#
.....#..#....(....#
.##....#...#=(......#
...#.....#.#rb......#
#.#.....#.@#.......#
##........@.#.# #.#
#.........###.## .#.#
#.........###..##.#.#
#.................#.#####.#
#####.......†.####..###.......#
#.............# ##.###.#######
#.............# #..##........
#.............# ##.##........
#.............# #.##........


You could see Sigmund (invisible), an orc (confused), a quokka and a bat.

Vanquished Creatures
  4 adders (D:3)
  An ooze (D:1)
  2 worms
  A dart slug (D:1)
  3 giant geckos (D:1)
  4 bats (D:1)
  8 goblins
  6 hobgoblins
  2 jackals (D:3)
  7 kobolds
  2 ball pythons (D:1)
  3 giant newts
  5 rats
48 creatures vanquished.

Notes
Turn   | Place    | Note
--------------------------------------------------------------
     0 | D:1      | FitzyFitz the Vine Stalker Enchanter began the quest for the Orb.
     0 | D:1      | Reached XP level 1. HP: 9/9 MP: 4/4
    98 | D:1      | Reached skill level 1 in Short Blades
   159 | D:1      | Reached XP level 2. HP: 13/13 MP: 4/6
   357 | D:1      | Reached XP level 3. HP: 16/16 MP: 7/7
   815 | D:1      | Learned a level 2 spell: Ensorcelled Hibernation
   819 | D:1      | Learned a level 3 spell: Confuse
   917 | D:2      | Found a shattered altar of Ashenzari.
   917 | D:2      | Found a hide-covered altar to Ukayaw.
   923 | D:2      | Found a burning altar of Makhleb.
   945 | D:2      | Reached skill level 4 in Hexes
  1222 | D:3      | Reached XP level 4. HP: 21/21 MP: 8/8
  1243 | D:3      | Noticed Sigmund
  1434 | D:3      | Reached skill level 1 in Fighting
  1502 | D:3      | Slain by Sigmund

Vault maps used:
D:1:      evilmike_arrival_run_for_it
D:2:      grunt_temple_overflow_open, first_bread
D:3:      hangedman_decor_peaks_small, uniq_sigmund

Skill      XL: |  1  2  3  4 |
---------------+-------------+-----
Short Blades   | 1 2 |  2.1
Hexes          | 4 |  4.2
Fighting       | 1 |  1.0
Slings         | |  0.5
Dodging        | |  1.5
Stealth        | |  3.7
Spellcasting   | |  2.1

Action                   |  1- 3 |  4- 6 || total
-------------------------+-------+-------++-------
Melee: Dagger            |    90 |     3 ||    93
       Bite              |    15 |       ||    15
 Fire: Hunting sling     |       |    21 ||    21
Throw: Stone             |     4 |       ||     4
 Cast: Corona            |     1 |     2 ||     3
       Ensorcelled Hiber |       |     2 ||     2
       Confuse           |       |     1 ||     1
Evoke: Wand              |       |     1 ||     1
  Use: Potion            |       |     1 ||     1
 Stab: Sleeping          |     6 |       ||     6
  Eat: Chunk             |     1 |     1 ||     2
Armor: Robe              |    16 |       ||    16
Dodge: Dodged            |    65 |     3 ||    68
